 Dungeon Crawl Stone Soup version 0.19-a0-262-g5df7875 (webtiles) character file.

346 oplop the Sneak (level 6, 0/28 HPs)
             Began as a Vine Stalker Enchanter on May 26, 2016.
             Slain by an orc
             ... wielding a +0 hand axe
              (2 damage)
             ... on level 3 of the Dungeon.
             The game lasted 00:04:05 (1270 turns).

oplop the Sneak (Vine Stalker Enchanter)            Turns: 1270, Time: 00:04:05

Health: 0/28       AC:  3    Str: 10    XL:     6   Next: 59%
Magic:  0/12       EV: 13    Int: 15    God:
Gold:   122        SH:  0    Dex: 17    Spells: 3 memorised, 6 levels left

rFire  . . .     SeeInvis .     a - +1 dagger
rCold  . . .     Gourm    .     b - +1 robe
rNeg   . . .     Faith    +     (no shield)
rPois  .         Spirit   +     (no helmet)
rElec  .         Dismiss  .     (no cloak)
rCorr  .         Reflect  .     (no gloves)
SustAt .         Harm     .     (no boots)
MR     .....                    q - amulet of faith
Stlth  +++.......               (no ring)
                                (no ring)

@: not resistant to hostile enchantments, fairly stealthy
A: fangs 2, regeneration 2, magic shield, antimagic bite, no device heal 3, rot
immunity
a: no special abilities


You were on level 3 of the Dungeon.
You were not hungry.

You visited 1 branch of the dungeon, and saw 3 of its levels.

You collected 122 gold pieces.

Inventory:

Hand Weapons
 a - a +1 dagger (weapon)
Armour
 b - a +1 robe (worn)
Jewellery
 m - an uncursed amulet of dismissal
 q - an amulet of faith (around neck)
Wands
 n - a wand of polymorph (5/24)
Scrolls
 g - a scroll of blinking {unknown}
 j - a scroll of teleportation {unknown}
 k - a scroll of identify
 l - a scroll of enchant armour {unknown}
 p - a scroll of noise {unknown}
Potions
 e - 2 potions of flight
 h - 2 potions of agility {unknown}
 i - a potion of might {unknown}
 o - 2 potions of heal wounds {unknown}
Books
 c - a book of Maledictions

   Spells                             Type                      Level
   a - Corona                         Hexes                        1
   b - Ensorcelled Hibernation        Hexes/Ice                    2
   c - Confuse                        Hexes                        3
   d - Tukima's Dance                 Hexes                        3
   e - Dazzling Spray                 Conjuration/Hexes            3
Comestibles
 d - 2 bread rations
 f - 2 fruits
 r - a beef jerky


   Skills:
 + Level 2.4 Short Blades
 + Level 2.8 Dodging
 + Level 5.0 Stealth
 + Level 3.7 Spellcasting
 + Level 4.2 Hexes


You had 6 spell levels left.
You knew the following spells:

 Your Spells              Type           Power        Failure   Level  Hunger
a - Corona                Hex            ###....      3%          1    None
b - Ensorcelled Hibernat  Hex/Ice        #.....       12%         2    ##.....
c - Confuse               Hex            ###.....     12%         3    ###....


Dungeon Overview and Level Annotations

Branches:
Dungeon (3/15)

Altars:
Gozag
Xom


Innate Abilities, Weirdness & Mutations

You have extremely sharp teeth.
You heal very quickly.
When hurt, damage is shared between your health and your magic reserves.
Your bite disrupts and absorbs the magic of your enemies.
Potions and wands cannot restore your health.
You are immune to rotting.


Message History

The bat misses you. The centaur closely misses you.
The orc hits you with a hand axe. The bat hits you.
You hit the centaur but do no damage.
The centaur is lightly wounded.
The centaur hits you but does no damage.
The bat hits you but does no damage. The orc misses you.
The centaur hits you but does no damage.
You hit the centaur. You bite the centaur. You drain its power.
You feel invigorated.
The centaur is moderately wounded.
The bat hits you but does no damage. The centaur hits you with a dagger.
* * * LOW HITPOINT WARNING * * *
The bat closely misses you. The orc closely misses you.
The worm barely misses you.
You hit the centaur but do no damage.
The centaur is moderately wounded.
The bat closely misses you. The centaur hits you with a dagger!
* * * LOW HITPOINT WARNING * * *
The orc hits you with a hand axe.
You die...

.### #..... .... #####.
... #.# ## ... #.# ..
#.# #.# #.# ##### #.b
##.#######....
#.####..#...##...##
#####.@w##.#..........#
##....o#c...............
#.......................
........................
........................
.................##.....
....(..........#######.<
...............# #..
#...............######..


You could see a centaur, a worm, an orc and a bat.

Vanquished Creatures
  Sigmund (D:2)
  A hippogriff (D:3)
  An adder (D:2)
  3 dart slugs (D:1)
  A worm (D:2)
  A giant gecko (D:2)
  2 ball pythons
  4 bats (D:1)
  A giant cockroach (D:1)
  4 goblins
  6 hobgoblins
  2 jackals (D:1)
  5 kobolds
  A quokka (D:2)
  3 giant newts
  8 rats
44 creatures vanquished.

Notes
Turn   | Place    | Note
--------------------------------------------------------------
     0 | D:1      | oplop the Vine Stalker Enchanter began the quest for the Orb.
     0 | D:1      | Reached XP level 1. HP: 9/9 MP: 4/4
   124 | D:1      | Reached skill level 1 in Short Blades
   124 | D:1      | Reached XP level 2. HP: 12/13 MP: 6/6
   400 | D:1      | Reached XP level 3. HP: 16/16 MP: 8/8
   778 | D:2      | Learned a level 2 spell: Ensorcelled Hibernation
   782 | D:2      | Learned a level 3 spell: Confuse
   835 | D:2      | Found an opulent altar of Gozag.
   879 | D:2      | Reached skill level 4 in Stealth
   948 | D:2      | Noticed Sigmund
   963 | D:2      | Killed Sigmund
   963 | D:2      | Reached XP level 4. HP: 19/21 MP: 10/10
   963 | D:2      | Reached XP level 5. HP: 22/24 MP: 11/11
  1034 | D:2      | Found a shimmering altar of Xom.
  1175 | D:3      | Noticed a hippogriff
  1189 | D:3      | Killed a hippogriff
  1189 | D:3      | Reached skill level 5 in Stealth
  1189 | D:3      | Gained mutation: You heal very quickly. [Vine Stalker growth]
  1189 | D:3      | Reached XP level 6. HP: 28/28 MP: 12/12
  1270 | D:3      | Slain by an orc

Vault maps used:
D:1:      dpeg_arrival_orchard, hangedman_decor_clover_reticule,
          minmay_surrounded
D:2:      xom_teletrap_fun, grunt_gozag_statues, kennysheep_generic_room_12,
          uniq_sigmund
D:3:      tso_oasis_becter, serial_curves, eino_curves_02, eino_curves_04

Skill      XL: |  1  2  3  4  5 |
---------------+----------------+-----
Short Blades   | 1 2 |  2.4
Stealth        | 4 5 |  5.0
Dodging        | 2 |  2.8
Spellcasting   | 3 |  3.7
Hexes          | 4 |  4.2

Action                   |  1- 3 |  4- 6 || total
-------------------------+-------+-------++-------
Melee: Dagger            |    89 |    33 ||   122
       Bite              |    19 |     9 ||    28
 Cast: Confuse           |     1 |     5 ||     6
       Ensorcelled Hiber |       |     1 ||     1
Evoke: Wand              |       |     3 ||     3
  Use: Scroll            |       |     1 ||     1
 Stab: Sleeping          |     7 |     1 ||     8
       Confused          |     1 |     1 ||     2
  Eat: Chunk             |       |     2 ||     2
Armor: Robe              |    26 |    10 ||    36
Dodge: Dodged            |    57 |    32 ||    89
